 Dungeon Crawl Stone Soup version 0.23.2-1-ga50397a (webtiles) character file.

Game seed: 5411455586337181005

107 whitewolfNL the Ruffian (level 4, -1/45 HPs)
             Began as a Troll Berserker on Apr 26, 2019.
             Was a Believer of Trog.
             Slain by Grinder (4 damage)
             ... on level 3 of the Dungeon.
             The game lasted 00:07:07 (1380 turns).

whitewolfNL the Ruffian (Troll Berserker)           Turns: 1380, Time: 00:07:08

Health: -1/45      AC:  6    Str: 25    XL:     4   Next: 56%
Magic:  3/3        EV: 10    Int:  3    God:    Trog [**....]
Gold:   136        SH:  0    Dex: 10    Spells: 3/3 levels left

rFire    . . .     SeeInvis .     - Unarmed
rCold    . . .     Gourm    +   (no shield)
rNeg     . . .     Faith    .   a - +0 animal skin
rPois    .         Spirit   .   (helmet restricted)
rElec    .         Reflect  .   (no cloak)
rCorr    .         Harm     .   (gloves unavailable)
MR       .....                  (boots unavailable)
Stlth    +.........             (no amulet)
HPRegen  0.55/turn              (no ring)
MPRegen  0.08/turn              (no ring)

@: berserk cooldown, slowed, very slow
A: large, unfitting armour, claws 3, fast metabolism 3, gourmand, regeneration
1, shaggy fur 1, tough skin 3
a: Berserk, Trog's Hand, Renounce Religion


You were on level 3 of the Dungeon.
You worshipped Trog.
Trog was pleased with you.
You were very full.

You visited 1 branch of the dungeon, and saw 3 of its levels.

You collected 136 gold pieces.

Inventory:

Armour
 a - a +0 animal skin (worn)
 i - a +0 robe
 k - a +0 robe
Scrolls
 c - a scroll of magic mapping {unknown}
 e - 2 scrolls of blinking {unknown}
 f - 3 scrolls of identify {unknown}
 j - a scroll of teleportation {unknown}
Potions
 g - 2 potions of invisibility {unknown}
 h - a potion of ambrosia {unknown}
 l - a potion of haste {unknown}
 m - a potion of curing {unknown}
 n - a potion of flight {unknown}
Comestibles
 b - 5 rations
 d - 8 chunks of flesh


   Skills:
 * Level 3.0 Fighting
 * Level 0.1 Throwing
 * Level 3.0 Dodging
 * Level 0.3 Stealth
 * Level 4.2 Unarmed Combat


You had 3 spell levels left.
You didn't know any spells.
Your spell library was empty.

Dungeon Overview and Level Annotations

Branches:
Dungeon (3/15)

Altars:

Annotations:
D:3 Grinder


Innate Abilities, Weirdness & Mutations

You are too large for most types of armour.
You have claws for hands.
Your metabolism is lightning-fast.
You like to eat raw meat.
Your natural rate of healing is unusually fast.
You are covered in fur. (AC +1)
You have extremely tough skin. (AC +3)


Message History

Items here: ) [ ÷÷ a +0 hand axe; a +0 scale mail; a hobgoblin skeleton; an orc skeleton Grinder gestures at you.
Pain shoots through your body!
You see here a rat corpse.
You butcher the rat corpse.
Grinder is no longer unusually resistant.
Grinder says, "Don't move a muscle."
Things that are here:
a chunk of flesh; a rat skeleton
Okay, then.
d - 8 chunks of flesh (gained 1) Grinder hits you.
You writhe in agony.
* * * LOW HITPOINT WARNING * * *
You claw Grinder!
Grinder is heavily wounded.
Grinder hits you!
* * * LOW HITPOINT WARNING * * *
You writhe in agony.
You die...

#..#.#... .#
###..#.....
..###........>.
.#..............
..............
#..........#
#.......#.##..
#.....5.......
###...##@##.#...
#......÷)#
#...........#
#........♣....#
#.......♣_♣.###
#........♣....
#........ ..#..
######... ####.
#####


You could see Grinder.

Vanquished Creatures
  Terence (D:3)
  2 adders (D:2)
  An ooze (D:1)
  2 dart slugs
  A leopard gecko (D:3)
  An orc (D:3)
  A ball python (D:2)
  2 bats (D:1)
  2 giant cockroaches (D:1)
  6 hobgoblins
  10 jackals (D:1)
  6 kobolds
  7 frilled lizards
  3 goblins
  5 rats
50 creatures vanquished.

Notes
Turn   | Place    | Note
-------+----------+-------------------------------------------
     0 | D:1      | whitewolfNL the Troll Berserker began the quest for the
                  | Orb.
     0 | D:1      | Reached XP level 1. HP: 22/22 MP: 0/0
    32 | D:1      | Reached XP level 2. HP: 29/29 MP: 1/1
   404 | D:1      | Reached ** piety under Trog
   404 | D:1      | Reached XP level 3. HP: 34/36 MP: 2/2
  1007 | D:2      | Reached XP level 4. HP: 20/45 MP: 3/3
  1340 | D:3      | Found a faded altar of an unknown god.
  1340 | D:3      | Noticed Grinder
  1340 | D:3      | Noticed Terence
  1344 | D:3      | Killed Terence
  1344 | D:3      | Reached skill level 4 in Unarmed Combat
  1361 | D:3      | Paralysed by Grinder for 5 turns
  1380 | D:3      | Slain by Grinder

Skill      XL: |  1  2  3  4 |
---------------+-------------+-----
Fighting       | 3 |  3.0
Unarmed Combat | 4 |  4.2
Dodging        | 3 |  3.0
Throwing       | |  0.1
Stealth        | |  0.3

Action                   |  1- 3 |  4- 6 || total
-------------------------+-------+-------++-------
Melee: Unarmed           |   102 |    29 ||   131
       Punch             |     1 |     1 ||     2
Invok: Berserk           |     1 |     1 ||     2
 Stab: Sleeping          |     1 |       ||     1
  Eat: Chunk             |    16 |     3 ||    19
Armor: Animal skin       |    49 |     4 ||    53
Dodge: Dodged            |    62 |    15 ||    77
